Map: Abyssal Reef LE

Players

Winthrowe - Winner!

  • Race: Zerg Zerg
  • Spawn Location: 5:00

A.I. 1 (Hard)

  • Race: Protoss Protoss
  • Spawn Location: 11:00

VOD

Have the link to the VOD?

Description

Time

  • Played on: Aug. 17, 2017, 5:44 p.m.
  • Length: 10:49
Show
View Real Time Build Order
Export as new Build Order

Winthrowe Zerg - Winner!

Build Orders: Hatch First 

Get SALT Encoding   

  12  0:12  Drone  
  13  0:21  Drone  
  14  0:24  Overlord  
  14  0:54  Drone  
  15  0:57  Hatchery  
  15  1:02  Extractor  
  13  1:08  Spawning Pool  
  13  1:09  Drone  
  13  1:15  Drone  
  14  1:23  Drone x2  
  16  1:35  Drone  
  17  1:46  Drone  
  18  1:59  Drone  
  18  2:01  Queen  
  21  2:08  Queen  
  21  2:14  Drone  
  24  2:17  Overlord  
  24  2:22  Drone  
  25  2:27  Drone  
  26  2:41  Roach Warren  
  26  2:43  Extractor  
  24  2:51  Drone x4  
  25  2:53  Drone  
  25  2:57  Drone  
  30  3:08  Extractor  
  30  3:11  Extractor  
  28  3:17  Drone x6  
  28  3:19  Drone  
  35  3:26  Overlord  
  35  3:48  Drone  
  36  3:49  Drone x2  
  36  3:50  Drone x2  
  36  3:52  Drone  
  41  4:16  Roach  
  43  4:18  Overlord x2, Evolution Chamber  
  42  4:32  Evolution Chamber  
  42  4:37  Roach x6  
  53  4:51  Roach  
  53  4:52  Roach  
  57  5:08  Roach  
  57  5:10  Overlord x2  
  59  5:32  Zerg Missile Weapons Level 1  
  59  5:33  Zerg Ground Armor Level 1  
  59  5:40  Overlord  
  59  5:41  Overlord  
  59  5:42  Roach  
  61  5:43  Roach x7  
  75  5:54  Lair  
  75  5:59  Overlord  
  75  6:00  Roach x2  
  75  6:03  Roach  
  87  6:04  Roach x3  
  87  6:10  Drone x3  
  90  6:13  Drone  
  91  6:33  Roach  
  91  6:34  Roach x3  
  99  7:03  Overlord  
  99  7:04  Overlord x3  
  99  7:05  Overlord  
  99  7:24  Glial Reconstitution  
  99  7:27  Zerg Missile Weapons Level 2  
  99  7:29  Zerg Ground Armor Level 2  
  99  7:38  Roach x7  
  99  7:39  Roach x2  
  117  7:54  Roach  
  117  7:55  Roach x6  
  127  8:29  Roach x6  
  137  8:50  Roach  
  139  8:56  Overlord x2  
  139  8:57  Overlord  
  105  9:43  Roach x4  
  105  9:44  Roach x2  
  111  9:47  Overseer  
  105  10:00  Roach x2  
  93  10:24  Spire  
  80  10:46  Hatchery  
Show
View Real Time Build Order
Export as new Build Order

A.I. 1 (Hard) Protoss 

Build Orders:  

Get SALT Encoding   

  12  0:01  Probe (Chrono Boost)  
  13  0:11  Probe (Chrono Boost)  
  14  0:19  Pylon  
  14  0:22  Probe (Chrono Boost)  
  15  0:37  Probe (Chrono Boost)  
  15  0:39  Gateway  
  16  0:46  Assimilator  
  16  0:48  Probe (Chrono Boost)  
  17  0:58  Probe (Chrono Boost)  
  17  1:01  Pylon  
  18  1:09  Probe (Chrono Boost)  
  19  1:22  Probe (Chrono Boost)  
  20  1:25  Zealot  
  20  1:30  Cybernetics Core  
  22  1:43  Gateway  
  22  1:46  Assimilator  
  22  2:02  Pylon  
  22  2:05  Stalker  
  24  2:19  Warp Gate  
  24  2:28  Stalker  
  26  2:42  Stalker  
  26  2:49  Pylon  
  28  2:57  Stalker  
  30  3:11  Stalker  
  30  3:17  Probe (Chrono Boost)  
  33  3:21  Pylon  
  33  3:26  Adept  
  33  3:29  Probe (Chrono Boost)  
  36  3:40  Stalker, Probe (Chrono Boost)  
  37  3:47  Forge  
  39  3:52  Probe (Chrono Boost)  
  39  3:55  Adept  
  42  4:03  Probe (Chrono Boost)  
  42  4:08  Zealot  
  43  4:15  Probe (Chrono Boost)  
  46  6:08  Protoss Ground Weapons Level 1  
  46  6:15  Zealot  
  46  6:17  Gateway  
  48  6:20  Robotics Facility  
  48  6:23  Nexus, Twilight Council  
  48  6:25  Zealot  
  50  6:27  Pylon  
  50  6:32  Photon Cannon  
  50  6:35  Photon Cannon, Stalker  
  50  6:36  Stargate  
  50  6:37  Forge  
  52  6:45  Sentry  
  54  6:56  Blink  
  54  7:05  Protoss Ground Armor Level 1  
  54  7:06  Observer  
  55  7:27  Observer  
  58  7:37  Probe (Chrono Boost)  
  58  7:38  Probe (Chrono Boost)  
  58  7:42  Assimilator  
  58  7:47  Pylon  
  58  7:48  Probe (Chrono Boost)  
  58  7:49  Probe (Chrono Boost)  
  58  7:50  Pylon  
  60  7:51  Assimilator  
  60  7:59  Probe (Chrono Boost)  
  60  8:01  Probe (Chrono Boost)  
  60  8:05  Void Ray  
  62  8:08  Immortal  
  62  8:11  Probe (Chrono Boost)  
  61  8:14  Zealot  
  61  8:17  Zealot  
  51  8:21  Stalker  
  51  8:22  Photon Cannon  
  49  8:34  Zealot  
  49  8:38  Zealot  
  53  8:45  Void Ray  
  53  8:46  Stalker  
  45  8:49  Probe (Chrono Boost)  
  45  8:53  Stalker  
  29  9:43  Stalker  
  27  9:53  Pylon  
  27  9:55  Probe (Chrono Boost)  
  27  10:13  Nexus  
  22  10:16  Probe (Chrono Boost)  
Tags
 
Add a new tag
Caveats
  • Supply blocks, unpowered buildings, or Contaminate may cause inaccurate times.
  • Supply counts are checked every 10 seconds.